 Dungeon Crawl Stone Soup version 0.30-a0-170-g85af917532 (webtiles) character file.

Game seed: 15019990356372949588

191 qw the Chopper (level 5, -1/32 HPs)
             Began as a Gargoyle Fighter on Sept 30, 2022.
             Slain by a black bear (6 damage)
             ... on level 4 of the Dungeon.
             The game lasted 00:01:00 (2624 turns).

qw the Chopper (Gargoyle Fighter)                   Turns: 2624, Time: 00:01:00

Health: -1/32      AC: 14    Str: 22    XL:     5   Next: 70%
Magic:  5/5        EV:  9    Int:  8    God:
Gold:   126        SH:  4    Dex:  9    Spells: 4/4 levels left

rFire   . . .      SeeInvis +    Y - +0 war axe
rCold   . . .      Faith    .    c - +0 buckler
rNeg    + . .      Spirit   .    b - +0 scale mail
rPois   inf        Reflect  .    (no helmet)
rElec   +          Harm     .    p - +0 cloak
rCorr   .          Rampage  .    k - +0 pair of gloves
Will    .....                    s - +0 pair of boots
Stlth   ..........               (no amulet)
HPRegen 0.10/turn                q - ring of see invisible
MPRegen 0.09/turn                (no ring)

@: no status effects
A: sickness immunity, AC +4, negative energy resistance 1, electricity
resistance, torment resistance 1, petrification resistance
a: no special abilities


You were on level 4 of the Dungeon.
You visited 1 branch of the dungeon, and saw 4 of its levels.

You collected 126 gold pieces.


Innate Abilities, Weirdness & Mutations

You are immune to sickness and miasma.
Your stone body is resilient. (AC +4)
You are immune to poison.
You resist negative energy. (rN+)
You are resistant to electric shocks. (rElec)
You are resistant to unholy torment.
You are immune to petrification.


   Skills:
 + Level 3.3 Fighting
 - Level 5.2 Axes
 - Level 3.2 Armour
 - Level 3.2 Shields


You had 4 spell levels left.
You didn't know any spells.
Your spell library was empty.

Inventory:

Hand Weapons
 m - a +1 whip of venom
 Y - a +0 war axe (weapon)
Missiles
 f - a boomerang (quivered)
Armour
 b - a +0 scale mail (worn)
 c - a +0 buckler (worn)
 k - a +0 pair of gloves (worn)
 p - a +0 cloak (worn)
 s - a +0 pair of boots (worn)
Jewellery
 q - a ring of see invisible (left hand)
Scrolls
 h - 2 scrolls of teleportation
 i - a scroll of identify
Potions
 a - a potion of resistance
 d - 2 potions of might
 e - a potion of curing
 j - a potion of lignification {unknown}
 l - a potion of berserk rage {unknown}

Dungeon Overview and Level Annotations

Branches:
Dungeon (4/15)
 Temple: D:4-7

Altars:
Ashenzari


Message History

The black bear bites you but does no damage.
The black bear claws you but does no damage.
The black bear claws you.
You hit the black bear.
The black bear is heavily wounded.
The black bear closely misses you. x2
The black bear claws you but does no damage.
You barely miss the black bear.
The black bear is heavily wounded.
The black bear barely misses you.
The black bear claws you but does no damage. x2
A goblin comes into view. It is wielding a +0 dagger.
The black bear bites you but does no damage.
The black bear claws you but does no damage.
The black bear claws you.
You barely miss the black bear.
The black bear is heavily wounded.
The goblin shouts!
The black bear bites you but does no damage.
You block the black bear's attack. The black bear closely misses you.
You hit the black bear.
The black bear is heavily wounded.
The black bear barely misses you.
The black bear claws you but does no damage. x2
You hit the black bear.
The black bear is severely wounded.
You hear the slow rusting of a drain nearby.
The black bear bites you but does no damage.
The black bear claws you. You block the black bear's attack.
You hit the black bear.
The black bear is severely wounded.
The black bear goes berserk!
The goblin barely misses you. The black bear bites you.
The black bear closely misses you. x2
You slash the black bear!
The black bear is almost dead.
You barely miss the goblin.
The black bear bites you but does no damage.
The black bear claws you but does no damage. x2
The goblin misses you. The black bear bites you! The black bear claws you.
You die...

. .. .. ###.###
....... .......###
. ...#%h@# ...
..#...#g###.....
#.....#.........
####....###..^..
#..#.:.......
##.#..####..
#.#....# #.#.##.#
#####...##.#######


You could see a black bear (berserk) and a goblin.

Vanquished Creatures
  An ogre (D:4)
  6 adders
  A dart slug (D:3)
  An orc (D:3)
  2 endoplasms (D:3)
  2 giant cockroaches
  6 hobgoblins
  A jackal (D:3)
  2 quokkas
  3 ball pythons
  8 bats
  2 frilled lizards
  7 goblins
  7 kobolds
  7 rats
56 creatures vanquished.

Notes
Turn   | Place    | Note
-------+----------+-------------------------------------------
     0 | D:1      | qw the Gargoyle Fighter began the quest for the Orb.
     0 | D:1      | Reached XP level 1. HP: 14/14 MP: 1/1
     0 | D:1      | 0 ||| qw: Version: 0.2-a-12-gaebbb33
     0 | D:1      | 0 ||| qw: Game counter: 1624
     0 | D:1      | 0 ||| qw: Always use a shield: true
     0 | D:1      | 0 ||| qw: God list: Okawaru
     0 | D:1      | 0 ||| qw: Allow faded altars: false
     0 | D:1      | 0 ||| qw: Do Orc after D:15 true
     0 | D:1      | 0 ||| qw: Do second Lair branch before Depths: true
     0 | D:1      | 0 ||| qw: Lair rune preference: random
     0 | D:1      | 0 ||| qw: Plans: Normal, Zot:1-4, God:TSO, Crypt, Tomb,
                  | Pan, Slime:5, Hells, Abyss, Orb
     0 | D:1      | 0 ||| PLANNING D:1-11
   124 | D:1      | Reached skill level 2 in Axes
   187 | D:1      | 187 ||| Stepping ~*~*~tactically~*~*~ (stealth).
   242 | D:1      | Reached XP level 2. HP: 19/19 MP: 2/2
   565 | D:1      | Found a faded altar of an unknown god.
   666 | D:1      | Reached skill level 3 in Axes
   851 | D:1      | Reached XP level 3. HP: 23/23 MP: 3/3
   933 | D:1      | 933 ||| UPGRADING to +0 pair of gloves.
   938 | D:1      | 938 ||| READING scroll labelled DUSKILU ILUPSO.
   939 | D:1      | 939 ||| READING 2 scrolls labelled VADWAF RUOHU.
  1114 | D:2      | 1114 ||| Stepping ~*~*~tactically~*~*~ (stealth).
  1140 | D:2      | 1140 ||| Stepping ~*~*~tactically~*~*~ (stealth).
  1199 | D:2      | 1199 ||| Stepping ~*~*~tactically~*~*~ (stealth).
  1200 | D:2      | 1200 ||| Stepping ~*~*~tactically~*~*~ (stealth).
  1223 | D:2      | 1223 ||| FLEEEEING.
  1410 | D:2      | 1410 ||| Stepping ~*~*~tactically~*~*~ (stealth).
  1416 | D:2      | 1416 ||| DROPPING +0 club.
  1551 | D:2      | 1551 ||| READING 2 scrolls labelled CUBBUD POM DETT.
  1552 | D:2      | 1552 ||| READING scroll labelled ARGHO RIM CUORPH.
  1553 | D:2      | 1553 ||| DROPPING scroll of poison.
  1614 | D:3      | Reached XP level 4. HP: 25/28 MP: 4/4
  1718 | D:3      | Reached skill level 4 in Axes
  1738 | D:3      | 1738 ||| Stepping ~*~*~tactically~*~*~ (stealth).
  1748 | D:3      | Found a broken altar of Ashenzari.
  2012 | D:3      | 2012 ||| Stepping ~*~*~tactically~*~*~ (stealth).
  2024 | D:3      | 2024 ||| Stepping ~*~*~tactically~*~*~ (stealth).
  2190 | D:3      | 2190 ||| Stepping ~*~*~tactically~*~*~ (stealth).
  2398 | D:3      | 2398 ||| UPGRADING to +0 cloak.
  2403 | D:3      | 2403 ||| UPGRADING to +0 pair of boots.
  2408 | D:3      | 2408 ||| UPGRADING to ring of see invisible.
  2409 | D:3      | 2409 ||| READING 3 scrolls labelled QAIG ISKOGEAKK.
  2410 | D:3      | 2410 ||| READING scroll labelled ZAOCUA FAUNK.
  2511 | D:3      | 2511 ||| READING scroll labelled YMODUKLOJUGH.
  2512 | D:3      | 2512 ||| READING 4 scrolls of identify.
  2512 | D:3      | 2512 ||| IDENTIFYING glowing coppery potion
  2513 | D:3      | 2513 ||| READING 3 scrolls of identify.
  2513 | D:3      | 2513 ||| IDENTIFYING lumpy brown potion
  2514 | D:3      | 2514 ||| READING 2 scrolls of identify.
  2514 | D:3      | 2514 ||| IDENTIFYING silvery potion
  2515 | D:3      | 2515 ||| DROPPING potion of magic.
  2516 | D:3      | 2516 ||| DROPPING 2 scrolls of immolation.
  2530 | D:4      | 2530 ||| PLANNING SEWER
  2530 | D:4      | Noticed an ogre
  2540 | D:4      | Killed an ogre
  2541 | D:4      | Reached skill level 5 in Axes
  2541 | D:4      | Reached XP level 5. HP: 28/32 MP: 5/5
  2611 | D:4      | Noticed a black bear
  2612 | D:4      | 2612 ||| Stepping ~*~*~tactically~*~*~ (stealth).
  2624 | D:4      | HP: 5/32 [black bear (10)]
  2624 | D:4      | Slain by a black bear

Levels and vault maps discovered:
D:1:      minmay_arrival_four_houses, layout_basic, serial_forest,
          infiniplex_forest_clump_tiny, infiniplex_forest_straight_1,
          infiniplex_forest_lined_ring, infiniplex_forest_straight_3,
          infiniplex_forest_clump_long, infiniplex_forest_zigzag_1,
          infiniplex_forest_clump_tiny, infiniplex_forest_join,
          infiniplex_forest_clump_diagonal, infiniplex_forest_lined_3,
          nicolae_ecumenical_lake_church
D:2:      layout_basic, minmay_misc_feat_diagonals
D:3:      kb_forest_paths, layout_basic, nicolae_overflow_crystal_walls
D:4:      layout_rooms, minmay_temple_entry_crystal_x, gup_sewer_entry_pipe,
          minmay_misc_feat_iff

Skill      XL: |  1  2  3  4 |
---------------+-------------+-----
Axes           | 2 3 5 |  5.2
Fighting       | |  3.3
Armour         | |  3.2
Shields        | |  3.2

Action                   |  1- 3 |  4- 6 || total
-------------------------+-------+-------++-------
Melee: War axe           |    96 |    88 ||   184
Throw: Boomerang         |    43 |    22 ||    65
  Use: Scroll            |     4 |     6 ||    10
Armor: Scale mail        |    39 |    59 ||    98
Dodge: Dodged            |    40 |    55 ||    95
Block: Buckler           |    25 |    17 ||    42

Table legend:
 A = Non-vault XP
 B = Vault XP
 C = Vault XP percentage of total XP
 D = Non-vault monster count
 E = Vault monster count
 F = Vault count percentage of total count
                 A         B        C        D         E       F
            +---------+---------+-------+---------+---------+-------
      Total |     262 |      12 |   4.4 |      50 |       6 |  10.7
            +---------+---------+-------+---------+---------+-------
        D:1 |      36 |       0 |   0.0 |      23 |       0 |   0.0
        D:2 |      37 |       0 |   0.0 |      11 |       0 |   0.0
        D:3 |      71 |      12 |  14.5 |      14 |       6 |  30.0
        D:4 |     118 |       0 |   0.0 |       2 |       0 |   0.0
            +---------+---------+-------+---------+---------+-------
